 Dungeon Crawl Stone Soup version 0.17.1-2-g5865329 (webtiles) character file.

11666 JustSomeDude the Spear-Bearer (level 11, -6/94 HPs)
             Began as a Demonspawn Monk on Jan 10, 2016.
             Shot with a bolt by an orc warrior (15 damage)
             ... on level 4 of the Orcish Mines.
             The game lasted 01:01:39 (14959 turns).

JustSomeDude the Spear-Bearer (Demonspawn Monk)    Turns: 14959, Time: 01:01:40

Health: -6/94      AC: 22    Str: 16    XL:     11   Next: 52%
Magic:  0/14       EV: 16    Int: 16    God:
Gold:   693        SH:  0    Dex: 23    Spells: 0 memorised, 10 levels left

rFire  + . .     SeeInvis .     B - +13 Scythe of Curses {drain, *Curse} (curse)
rCold  . . .     Clarity  +     i - +0 chain mail (curse)
rNeg   . . .     SustAt   .     (shield currently unavailable)
rPois  .         Gourm    .     D - +0 helmet (curse)
rElec  .         Spirit   +     e - +1 cloak (curse)
rCorr  +         Warding  .     Q - +0 pair of gloves (curse)
rMut   .         Stasis   .     (no boots)
MR     .....                    x - amulet of resist corrosion (curse)
Stlth  +.........               l - +3 ring of intelligence (curse)
                                d - ring of protection from fire (curse)

@: mighty, agile, very slightly contaminated, hasted, very quick, not resistant
to hostile enchantments, very unstealthy
A: claws 2, hooves 1, iridescent scales 2, blink, clarity, high mp 1, sense
surroundings 1, powered by pain 1, robust 1, screaming 1, evolution 1, magic
shield, no device heal 1
a: Blink


You were on level 4 of the Orcish Mines.
You were not hungry.

You visited 3 branches of the dungeon, and saw 15 of its levels.

You collected 1253 gold pieces.
You spent 560 gold pieces at shops.

Inventory:

Hand Weapons
 a - a cursed +3 hand axe of flaming
 q - the cursed +5 quarterstaff "Xafrutal" {crush, -Tele rN+++ Int+8}
   (You found it on level 4 of the Dungeon)

   It inflicts extra damage upon your enemies.
   It affects your intelligence (+8).
   It renders you almost immune to negative energy.
   It prevents most forms of teleportation.
   It has a curse placed upon it.
 B - the cursed +13 Scythe of Curses (weapon) {drain, *Curse}
   (You found it on level 5 of the Dungeon)

   A truly terrible weapon, it drains the life of those it strikes.
   It may re-curse itself when equipped.
   It has a curse placed upon it.
 W - a cursed +0 quarterstaff of freezing
Missiles
 w - 26 tomahawks (quivered)
 A - 7 silver tomahawks
Armour
 e - a cursed +1 cloak (worn)
 i - a cursed +0 chain mail (worn)
 D - a cursed +0 helmet (worn)
 G - a cursed +0 buckler
 Q - a cursed +0 pair of gloves (worn)
Rods
 y - a cursed +0 rod of inaccuracy (10/10)
   (You found it on level 7 of the Dungeon)
Jewellery
 d - a cursed ring of protection from fire (left hand)
 l - a cursed +3 ring of intelligence (right hand)
 x - a cursed amulet of resist corrosion (around neck)
 K - a cursed ring of flight
 V - a cursed ring of ice
Wands
 m - a wand of cold (6)
 n - a wand of slowing (48)
 s - a wand of fire (7)
 H - a wand of flame (20)
Scrolls
 c - a scroll of noise
 f - 2 scrolls of enchant armour
 g - 2 scrolls of enchant weapon
 h - 3 scrolls of remove curse
 j - 6 scrolls of teleportation
 k - 5 scrolls of identify
 o - 2 scrolls of recharging
 p - 3 scrolls of magic mapping
 v - 3 scrolls of fear
 J - a scroll of immolation
 M - a scroll of random uselessness {unknown}
 R - a scroll of blinking
Potions
 z - a potion of might
 T - a potion of lignification
Books
 F - a book of Debilitation

   Spells                             Type                      Level
   a - Corona                         Hexes                        1
   b - Slow                           Hexes                        2
   c - Gell's Gravitas                Hexes/Translocation          3
   d - Inner Flame                    Hexes/Fire                   3
   e - Cause Fear                     Hexes                        4
   f - Leda's Liquefaction            Hexes/Earth                  4
Miscellaneous
 N - a box of beasts {used: 2}
 O - a sack of spiders {used: 1}
Comestibles
 b - 3 bread rations
 t - 11 fruits
 u - 2 meat rations
 I - 9 royal jellies


   Skills:
 + Level 8.1 Fighting
 + Level 3.0(7.6) Axes
 * Level 10.8(11.0) Polearms
 + Level 0.1(6.8) Staves
 + Level 0.6 Throwing
 + Level 8.0 Armour
 + Level 5.8 Dodging
 + Level 2.9 Stealth
 + Level 4.5 Unarmed Combat
 * Level 2.3 Evocations


You had 10 spell levels left.
You didn't know any spells.

Dungeon Overview and Level Annotations

Branches:
Dungeon (10/15)            Temple (1/1) D:7             Orc (4/4) D:10
   Lair: D:8-11         Elf: Orc:3-4

Altars:
Ashenzari
Cheibriados
Dithmenos
Elyvilon
Fedhas
Gozag
Kikubaaqudgha
Makhleb
Nemelex Xobeh
Okawaru
Qazlal
Ru
Sif Muna
Trog
Vehumet
Xom
Yredelemnul
Zin
The Shining One
Beogh

Shops:
D:5 !   D:10 [?}   Orc:3 !*!   Orc:4 ([*(

Annotations:
D:4 Scuka's ghost, amateur GrFi


Innate Abilities, Weirdness & Mutations

You have very sharp fingernails.
You are mostly covered in iridescent scales (AC +6).
You sometimes gain a little power by taking damage.
When hurt, damage is shared between your health and your magic reserves.
You have large cloven feet.
You can translocate small distances at will.
You possess an exceptional clarity of mind.
You have an increased reservoir of magic (+10% MP).
You passively map a small area around you.
You are robust (+10% HP).
You occasionally shout uncontrollably at your foes.
You evolve.
Potions and wands are less effective at restoring your health.


Message History

You see here a bolt.
Drink which item? (? for menu, Esc to quit)
You feel yourself speed up.
The orc knight roars a battlecry!
The orc warriors go into a battle-frenzy!
The orc warrior unwields an uncursed glaive.
The orc warrior wields an arbalest.
The orc warrior shoots a bolt.
The bolt hits you.
You are very lightly contaminated with residual magic.
The orc warrior hits you but does no damage.
The orc knight shoots a bolt.
The bolt hits you!
* * * LOW HITPOINT WARNING * * *
The orc warrior shoots a bolt.
The bolt hits you!
* * * LOW HITPOINT WARNING * * *
You see here a bolt.
The orc warrior shoots a bolt.
The bolt hits you.
* * * LOW HITPOINT WARNING * * *
You see here a bolt.
The orc warrior shoots a bolt.
The bolt hits you!!
You die...

...#......≈≈≈≈# *∩##*
,...#.....≈≈≈≈####...## ,
,.........o..ooo..oo... ,
..........o..oo.o.∩...
...#...oo≈≈≈≈####...##
...#...oo(≈≈≈≈### ∩## *
#......((...≈≈≈≈## # *
#..#...(......≈≈≈# ≈ ≈ #
#....###..##.(@.()....≈≈#
###.....##...##..##..##...#
.#.....####.......((.......
.......##.........)........
............####)().(......
...........######(.........
............#.#((..........
.............()............
,
..............<............
,


You could see 2 orc knights, 8 orc warriors and an orc (frenzied).

Vanquished Creatures
  Fannar (D:10)
  A centaur warrior (Orc:4)
  An unseen horror (D:9)
  2 orc sorcerers
  An ugly thing (D:9)
  A centaur skeleton (D:10)
  A troll (Orc:2)
  A two-headed ogre (D:10)
  A trapdoor spider (D:9)
  A deep elf mage (D:10)
  3 hippogriffs
  The ghost of Bubs the Skirmisher, an amateur DsAK of Lugonu (D:3)
  A warg (Orc:2)
  Edmund (D:4)
  A soldier ant (D:10)
  A water moccasin (D:10)
  2 sky beasts
  A spider (D:10)
  11 orc warriors
  3 ogres
  3 phantoms
  5 centaurs
  5 giant frogs
  A brain worm (D:10)
  5 scorpions
  8 wights
  An electric eel (D:10)
  4 crimson imps
  3 jellies
  A centaur zombie (D:7)
  6 hounds
  A giant frog zombie (D:6)
  11 orc priests
  5 iguanas
  A giant frog skeleton (D:4)
  11 orc wizards
  Terence (D:2)
  8 worker ants
  A hound skeleton (D:7)
  2 worker ant zombies (D:6)
  17 adders
  7 gnolls
  3 shadow imps (D:6)
  3 oozes
  2 adder skeletons
  2 worms
  3 giant geckos
  74 orcs
  5 ball pythons
  6 bats
  9 giant cockroaches
  12 goblins
  7 hobgoblins
  7 quokkas
  A giant cockroach zombie (D:5)
  4 giant newts
  3 jackals (D:1)
  8 kobolds
  A quokka skeleton (D:4)
  9 rats
  A bush (D:4)
303 creatures vanquished.

Vanquished Creatures (collateral kills)
  Snorg (D:10)
  An orc high priest (Orc:2)
  An ugly thing (D:9)
  A wraith (D:9)
  An ice beast (D:9)
  A sky beast (D:8)
  A soldier ant (D:10)
  3 orc warriors (Orc:4)
  3 centaurs
  2 orc priests (Orc:2)
  A hound (D:6)
  2 orc wizards
  2 adders (D:7)
  14 orcs
  2 ball pythons (D:7)
36 creatures vanquished.

Grand Total: 339 creatures vanquished

Notes
Turn   | Place    | Note
--------------------------------------------------------------
     0 | D:1      | JustSomeDude the Demonspawn Monk began the quest for the Orb.
     0 | D:1      | Reached XP level 1. HP: 18/18 MP: 1/1
   237 | D:1      | Gained mutation: When hurt, damage is shared between your health and your magic reserves. [demonic ancestry]
   237 | D:1      | Reached XP level 2. HP: 18/24 MP: 2/2
  1154 | D:2      | Reached XP level 3. HP: 24/29 MP: 3/3
  1215 | D:2      | Reached skill level 4 in Unarmed Combat
  1311 | D:2      | Found a snail-covered altar of Cheibriados.
  1342 | D:2      | Gained mutation: You are partially covered in iridescent scales (AC +4). [demonic ancestry]
  1342 | D:2      | Reached XP level 4. HP: 14/35 MP: 4/4
  1659 | D:2      | Noticed Terence
  1688 | D:2      | Killed Terence
  1985 | D:2      | Found a stormy altar of Qazlal.
  2335 | D:3      | Reached XP level 5. HP: 41/41 MP: 5/5
  2417 | D:3      | Reached skill level 1 in Armour
  2489 | D:3      | Noticed Bubs's ghost (amateur DsAK)
  2626 | D:4      | Noticed Scuka's ghost (amateur GrFi)
  2629 | D:3      | Gained mutation: You can translocate small distances at will. [potion of beneficial mutation]
  2632 | D:3      | Gained mutation: Your flesh is heat resistant. [potion of mutation]
  2632 | D:3      | Gained mutation: You have large cloven feet. [potion of mutation]
  2632 | D:3      | Gained mutation: You occasionally shout uncontrollably at your foes. [potion of mutation]
  3357 | D:4      | Noticed a centaur
  3363 | D:4      | Killed a centaur
  3363 | D:4      | Gained mutation: You have sharp fingernails. [demonic ancestry]
  3363 | D:4      | Reached XP level 6. HP: 29/48 MP: 3/6
  3652 | D:3      | Killed Bubs's ghost
  3652 | D:3      | Reached skill level 1 in Axes
  4039 | D:4      | Found a blossoming altar of Fedhas.
  4240 | D:4      | Got a transparent quarterstaff
  4241 | D:4      | Identified the +5 quarterstaff "Xafrutal" {crush, -Tele rN+++ Int+8} (You found it on level 4 of the Dungeon)
  4556 | D:4      | Noticed Edmund
  4585 | D:5      | Entered Level 5 of the Dungeon
  4593 | D:5      | Gained mutation: You have very sharp fingernails. [demonic ancestry]
  4593 | D:5      | Reached XP level 7. HP: 19/54 MP: 5/7
  4662 | D:5      | Found Juruaxyo's Distillery.
  5920 | D:4      | Killed Edmund
  6801 | D:5      | Reached skill level 5 in Fighting
  7023 | D:5      | Found a sacrificial altar of Ru.
  7028 | D:5      | Found a shadowy altar of Dithmenos.
  7057 | D:6      | Reached XP level 8. HP: 44/59 MP: 5/8
  7222 | D:6      | Reached skill level 5 in Armour
  7350 | D:6      | Reached skill level 1 in Polearms
  7366 | D:6      | Gained mutation: You have an increased reservoir of magic (+10% MP). [potion of beneficial mutation]
  7542 | D:6      | Found a white marble altar of Elyvilon.
  7885 | D:6      | Found a basalt altar of Yredelemnul.
  8975 | D:7      | Got an opalescent robe
  8976 | D:7      | Identified the +1 robe of Plog {MR+ rCorr MP+9} (You found it on level 7 of the Dungeon)
  9103 | D:7      | Found a staircase to the Ecumenical Temple.
  9112 | Temple   | Entered the Ecumenical Temple
  9732 | D:8      | Gained mutation: You sometimes gain a little power by taking damage. [demonic ancestry]
  9732 | D:8      | Reached XP level 9. HP: 47/66 MP: 4/9
  9741 | D:8      | Reached skill level 6 in Armour
  9746 | D:8      | Gained mutation: You evolve. [mutagenic meat]
  9749 | D:8      | Gained mutation: You tend to lose your temper in combat. [mutagenic meat]
  9750 | D:8      | Lost mutation: You tend to lose your temper in combat. [mutagenic meat]
  9751 | D:8      | Gained mutation: You are robust (+10% HP). [mutagenic meat]
 10295 | D:8      | Reached skill level 5 in Polearms
 11025 | D:9      | Noticed a purple ugly thing
 11028 | D:9      | Noticed a cyan ugly thing
 11059 | D:9      | Killed a red ugly thing
 11067 | D:9      | Killed a red ugly thing
 11067 | D:9      | Reached skill level 5 in Dodging
 11073 | D:9      | Reached skill level 7 in Polearms
 11073 | D:9      | Gained mutation: You are mostly covered in iridescent scales (AC +6). [demonic ancestry]
 11073 | D:9      | Reached XP level 10. HP: 30/84 MP: 3/11
 11200 | D:9      | Lost mutation: Your flesh is heat resistant. [mutagenic meat]
 11201 | D:9      | Gained mutation: Potions and wands are less effective at restoring your health. [mutagenic meat]
 11202 | D:9      | Gained mutation: You passively map a small area around you. [mutagenic meat]
 11204 | D:9      | Gained mutation: You possess an exceptional clarity of mind. [mutagenic meat]
 11539 | D:9      | Killed an unseen horror
 11977 | D:8      | Found a sparkling altar of Nemelex Xobeh.
 12055 | D:10     | Entered Level 10 of the Dungeon
 12064 | D:10     | Reached skill level 8 in Polearms
 12130 | D:10     | Found Kaypneh's Armour Emporium.
 12155 | D:10     | Found Qeever's Magic Scroll Shop.
 12288 | D:10     | Found Jogu's Gadget Shoppe.
 12292 | D:10     | Bought a box of beasts for 280 gold pieces
 12292 | D:10     | Bought a sack of spiders for 280 gold pieces
 12745 | D:10     | Noticed Fannar
 12775 | D:10     | Killed Fannar
 12792 | D:10     | Noticed Snorg
 12801 | D:10     | Killed Snorg
 12801 | D:10     | Reached skill level 9 in Polearms
 13162 | D:10     | Found Itikhigu's Armour Shop.
 13222 | D:10     | Reached XP level 11. HP: 93/93 MP: 10/12
 13276 | D:10     | Found a staircase to the Orcish Mines.
 13587 | Orc:1    | Entered Level 1 of the Orcish Mines
 13601 | Orc:1    | Found a roughly hewn altar of Beogh.
 13976 | Orc:2    | Reached skill level 10 in Polearms
 14194 | Orc:2    | Found a roughly hewn altar of Beogh.
 14194 | Orc:2    | Noticed an orc high priest
 14209 | Orc:2    | Killed an orc high priest
 14209 | Orc:2    | Reached skill level 1 in Evocations
 14502 | Orc:3    | Found Cucko's Distillery.
 14508 | Orc:3    | Found a roughly hewn altar of Beogh.
 14566 | Orc:3    | Found Ungomoic's General Store.
 14572 | Orc:3    | Found Haosaimy's Distillery.
 14580 | Orc:3    | Paralysed by an orc sorcerer for 6 turns
 14587 | Orc:3    | Paralysed by an orc sorcerer for 2 turns
 14728 | Orc:4    | Entered Level 4 of the Orcish Mines
 14755 | Orc:4    | Noticed a centaur warrior
 14780 | Orc:4    | Killed a centaur warrior
 14816 | Orc:4    | Paralysed by an orc sorcerer for 3 turns
 14821 | Orc:4    | Paralysed by an orc sorcerer for 2 turns
 14941 | Orc:4    | Found Celiw's Antique Armour Shoppe.
 14941 | Orc:4    | Found Haddis's Assorted Antiques.
 14943 | Orc:4    | Found Buses's Antique Weapon Emporium.
 14945 | Orc:4    | Found Ymijaemu's Weapon Shop.
 14959 | Orc:4    | Shot with a bolt by an orc warrior

Action                   |  1- 3 |  4- 6 |  7- 9 | 10-12 || total
-------------------------+-------+-------+-------+-------++-------
Melee: Unarmed           |   117 |    24 |       |       ||   141
       Hand axe          |       |   335 |   156 |       ||   491
       Quarterstaff      |       |    12 |       |       ||    12
       Scythe            |       |       |   211 |   254 ||   465
Throw: Throwing net      |       |     2 |       |       ||     2
       Tomahawk          |       |       |     4 |       ||     4
 Abil: Blink             |       |     2 |     3 |       ||     5
Evoke: Box of beasts     |       |       |       |     2 ||     2
       Sack of spiders   |       |       |       |     1 ||     1
  Use: Potion            |       |     7 |     9 |     3 ||    19
       Scroll            |       |     2 |    15 |     2 ||    19
 Stab: Sleeping          |     4 |       |       |       ||     4
  Eat: Chunk             |     1 |     2 |    21 |    11 ||    35
       Beef jerky        |       |     3 |     2 |     1 ||     6
       Bread ration      |       |     1 |       |       ||     1
       Royal jelly       |       |       |     2 |       ||     2
       Meat ration       |       |       |       |     1 ||     1
       Pizza             |       |       |       |     1 ||     1
